 Dungeon Crawl Stone Soup version 0.20.1-1-g8b1a95d (webtiles) character file.

79 KnobCreek the Conjurer (level 4, -6/24 HPs)
             Began as a Tengu Conjurer on July 22, 2017.
             Mangled by Sigmund
             ... wielding a +0 scythe
              (9 damage)
             ... on level 2 of the Dungeon.
             The game lasted 00:06:13 (1962 turns).

KnobCreek the Conjurer (Tengu Conjurer)             Turns: 1962, Time: 00:06:14

Health: -6/24      AC:  3    Str:  8    XL:     4   Next: 37%
Magic:  6/9        EV: 12    Int: 17    God:
Gold:   116        SH:  0    Dex: 14    Spells: 1/8 levels left

rFire    . . .     SeeInvis .   i - +0 dagger (venom)
rCold    . . .     Gourm    .   (no shield)
rNeg     . . .     Faith    .   a - +1 robe
rPois    .         Spirit   .   (helmet restricted)
rElec    .         Reflect  .   (no cloak)
rCorr    +         Harm     .   (no gloves)
MR       .....                  (boots unavailable)
Stlth    ++........             (no amulet)
Regen    0.1/turn               d - ring of resist corrosion
MPRegen  0.2/turn               (no ring)

@: hasted, very quick
A: beak, talons 3
a: no special abilities


You were on level 2 of the Dungeon.
You were hungry.

You visited 1 branch of the dungeon, and saw 2 of its levels.

You collected 116 gold pieces.

Inventory:

Hand Weapons
 i - a +0 dagger of venom (weapon)
 n - a +0 short sword
 r - a +2 dagger of draining
Missiles
 q - 23 stones (quivered)
Armour
 a - a +1 robe (worn)
 g - a +0 leather armour
Jewellery
 d - a ring of resist corrosion (left hand)
Scrolls
 f - a scroll of remove curse
 h - a scroll of enchant armour
 l - 2 scrolls of magic mapping
 m - a scroll of identify
Potions
 k - a potion of flight
Books
 b - a book of Conjurations

   Spells                             Type                      Level
   a - Magic Dart                     Conjuration                  1
   b - Searing Ray                    Conjuration                  2
   c - Dazzling Spray                 Conjuration/Hexes            3
   d - Fulminant Prism                Conjuration/Hexes            4
   e - Force Lance                    Conjuration/Translocation    4
   f - Iskenderun's Mystic Blast      Conjuration                  4
Comestibles
 c - 4 bread rations
 j - 2 royal jellies
 o - 5 chunks of flesh
 p - a fruit


   Skills:
 - Level 2.1 Dodging
 - Level 2.0 Stealth
 + Level 2.6 Spellcasting
 + Level 7.0 Conjurations


You had one spell level left.
You knew the following spells:

 Your Spells              Type           Power        Failure   Level  Hunger
a - Magic Dart            Conj           ####         1%          1    #......
b - Searing Ray           Conj           ####..       1%          2    ##.....
c - Iskenderun's Mystic   Conj           ####....     10%         4    #####..


Dungeon Overview and Level Annotations

Branches:
Dungeon (2/15)

Altars:
Makhleb

Annotations:
D:2 Sigmund


Innate Abilities, Weirdness & Mutations

You have a beak for a mouth.
You have claws for feet.


Message History

Sigmund gestures wildly while chanting.
Sigmund flickers and vanishes!
Deactivating autopickup; reactivate with Ctrl-A.
You are feeling hungry.
You are confused.
You bump into the stone wall.
Something hits you!
Wield which item (- for none, * to show all)? (? for menu, Esc to quit)
Your +0 dagger of venom begins to drip with poison!
i - a +0 dagger of venom (weapon)
You bump into the stone wall.
Something hits you.
You bump into the stone wall.
Something barely misses you.
Unknown command.
You bump into the stone wall.
You bump into the stone wall.
You feel less confused. Something hits you!
* * * LOW HITPOINT WARNING * * *
Okay, then.
You feel yourself speed up. Something hits you!
You die...

...# .#.# .#.# #...# .#.# ..8..
.#.# #..@# .#.# .8. .... ... ....
########### ##.## ###.#
#...@.{.#.#### #...#
..#.#########)######.##..# ##รท##
..............# ##.#...####...#
#...###.###.### ##.##........#...
#...##...##..# ##.#...####..###..
...##.....##.###)##..........# ..
...#.......#.##.#...##..####...##
......._.....####.#####.... #.##
...#.......### ### #### ...


There were no monsters in sight!

Vanquished Creatures
  A gnoll (D:1)
  An adder (D:2)
  3 worms (D:2)
  A dart slug (D:2)
  A leopard gecko (D:1)
  5 bats
  2 giant cockroaches (D:2)
  7 goblins
  10 hobgoblins
  3 jackals (D:1)
  2 frilled lizards (D:1)
  5 kobolds (D:1)
  4 rats
45 creatures vanquished.

Notes
Turn   | Place    | Note
-------+----------+-------------------------------------------
     0 | D:1      | KnobCreek the Tengu Conjurer began the quest for the Orb.
     0 | D:1      | Reached XP level 1. HP: 10/10 MP: 4/4
   138 | D:1      | Reached XP level 2. HP: 10/15 MP: 0/6
   146 | D:1      | Learned a level 2 spell: Searing Ray
   404 | D:1      | Reached skill level 6 in Conjurations
   699 | D:1      | Reached XP level 3. HP: 19/19 MP: 3/7
  1692 | D:2      | Reached XP level 4. HP: 24/24 MP: 6/8
  1698 | D:2      | Learned a level 4 spell: Iskenderun's Mystic Blast
  1817 | D:2      | Found a burning altar of Makhleb.
  1923 | D:2      | Reached skill level 7 in Conjurations
  1935 | D:2      | Noticed Sigmund
  1962 | D:2      | Mangled by Sigmund

Skill      XL: |  1  2  3  4 |
---------------+-------------+-----
Conjurations   | 6 7 |  7.0
Dodging        | |  2.1
Stealth        | |  2.0
Spellcasting   | |  2.6

Action                   |  1- 3 |  4- 6 || total
-------------------------+-------+-------++-------
Melee: Unarmed           |     2 |       ||     2
       Dagger            |     6 |       ||     6
       Kick              |     3 |     1 ||     4
       Short sword       |     9 |     2 ||    11
       Peck              |     1 |       ||     1
 Cast: Magic Dart        |    63 |     7 ||    70
       Searing Ray       |     3 |     4 ||     7
  Use: Scroll            |     7 |       ||     7
       Potion            |       |     1 ||     1
  Eat: Chunk             |     3 |     1 ||     4
Armor: Robe              |     4 |       ||     4
Dodge: Dodged            |    28 |     2 ||    30
